 Dungeon Crawl Stone Soup version 0.29-a0-409-gd843f3a48c (webtiles) character file.

Game seed: 10374172936785986095

4 spiderkeys the Skirmisher (level 1, -1/18 HPs)
             Began as a Mummy Abyssal Knight on May 14, 2022.
             Was a Believer of Lugonu.
             Slain by a jackal (2 damage)
             ... on level 1 of the Dungeon.
             The game lasted 00:00:22 (161 turns).

spiderkeys the Skirmisher (Mummy Abyssal Knight)     Turns: 161, Time: 00:00:23

Health: -1/18      AC:  3    Str: 16    XL:     1   Next: 58%
Magic:  2/2        EV: 11    Int:  9    God:    Lugonu [**....]
Gold:   0          SH:  0    Dex: 12    Spells: 0/0 levels left

rFire   x . .      SeeInvis .   a - +1 spear
rCold   + . .      Faith    .   (no shield)
rNeg    + + +      Spirit   .   b - +0 leather armour
rPois   ∞          Reflect  .   (no helmet)
rElec   .          Harm     .   (no cloak)
rCorr   .          Rampage  .   (no gloves)
Will    .....                   (no boots)
Stlth   +.........              (no amulet)
HPRegen 0.06/turn               (no ring)
MPRegen 0.08/turn               (no ring)

@: no status effects
A: cold resistance 1, negative energy resistance 3, torment resistance 2, heat
vulnerability 1, no potions
a: Renounce Religion, Depart the Abyss, Bend Space


You were on level 1 of the Dungeon.
You worshipped Lugonu.
Lugonu was pleased with you.
You visited 1 branch of the dungeon, and saw 1 of its levels.
You visited the Abyss 1 time.


Innate Abilities, Weirdness & Mutations

You are immune to poison.
Your flesh is cold resistant. (rC+)
You are immune to negative energy. (rN+++)
You are immune to unholy pain and torment.
You are vulnerable to heat. (rF-)
You do not drink.


   Skills:
 + Level 3.1 Fighting
 + Level 1.6 Polearms
 - Level 1.5 Armour
 + Level 0.9 Dodging
 + Level 1.7 Invocations


You couldn't memorise any spells.
You didn't know any spells.
Your spell library contained the following spells:

 Spells                   Type           Power      Damage    Failure   Level
 Gell's Gravitas          Tloc           0%         N/A       83%         3
 Lesser Beckoning         Tloc           0%         N/A       83%         3
 Teleport Other           Tloc           0%         N/A       83%         3

Inventory:

Hand Weapons
 a - a +1 spear (weapon)
Armour
 b - a +0 leather armour (worn)

Dungeon Overview and Level Annotations

Branches:
Dungeon (1/15)

Altars:

..... ..... #
...##...####
..##.........#
.............#
#....S.....##...#
###...#######...#
##..### #...
##...### #..#####
###hh@###..#...#
###†.....#...#
#.##....!..#
#!.......>.#####
##.#####........
#.# ###...##.#.
#.# #..........
#.# #.<#.......
#.# #.##......≈


You could see 2 jackals.


Message History

Found a gateway leading out of the Abyss.
There is a gateway leading out of the Abyss here.
You pass through the gate.
Found a sapphire potion.
Found a stone staircase leading down.
There is a staircase leading out of the dungeon here.
You pick up a book of Displacement and begin reading...
You add the spells Lesser Beckoning, Gell's Gravitas and Teleport Other to your library.
You see here a sapphire potion.
A frilled lizard comes into view.
A hobgoblin comes into view.
The hobgoblin shouts!
You hear a bark! x2; You hear an angry hiss.
A jackal comes into view. x2
A jackal comes into view.
You barely miss the frilled lizard.
The jackal barks!
The frilled lizard misses you.
The jackal moves out of view.
You closely miss the frilled lizard.
The jackal barks!
You hear a bark!
A ball python comes into view.
The frilled lizard barely misses you.
You closely miss the frilled lizard. The frilled lizard bites you. 😕 HP[-1]
You take 1 damage, and now have 17/18 hp.
You hit the hobgoblin.
A jackal comes into view.
The hobgoblin barely misses you. The frilled lizard closely misses you.
The jackal moves out of view.
You hit the hobgoblin but do no damage.
The jackal bites you but does no damage.
The hobgoblin hits you but does no damage.
The frilled lizard bites you. 😕 HP[-2]
You take 2 damage, and now have 15/18 hp.
The jackal barely misses you. x2
The frilled lizard attacks as you move away!
The frilled lizard bites you. 😮 HP[-2]
You take 2 damage, and now have 13/18 hp.
The hobgoblin attacks as you move away! The hobgoblin barely misses you.
The hobgoblin attacks as you move away! The hobgoblin hits you.
The jackal misses you. The jackal bites you.
* * * LOW HITPOINT WARNING * * *
😨 HP[-5]
You take 5 damage, and now have 8/18 hp.
MASSIVE DAMAGE!! (PAUSE)
The jackal attacks as you move away! The jackal barely misses you.
The jackal bites you.
* * * LOW HITPOINT WARNING * * *
😨 HP[-3]
You take 3 damage, and now have 5/18 hp.
The jackal attacks as you move away!
The jackal bites you but does no damage.
Reach: a) +1 spear
Press: ? - help, Dir - move target, f - jackal
Aim: a jackal (about 45% to evade your +1 spear)
You reach to attack!
You hit the jackal. You closely miss the jackal. The jackal bites you.
* * * LOW HITPOINT WARNING * * *
😱 HP[-1]
You take 1 damage, and now have 4/18 hp.
You hit the jackal. The jackal bites you.
* * * LOW HITPOINT WARNING * * *
😱 HP[-2]
You take 2 damage, and now have 2/18 hp.
You hit the jackal.
You kill the jackal!
Lugonu accepts your kill.
The jackal bites you but does no damage.
The jackal completely misses you.
You hit the jackal.
The jackal bites you but does no damage.
You hit the jackal.
You kill the jackal!
Lugonu accepts your kill.
The jackal barks!
You hit the hobgoblin but do no damage. The hobgoblin barely misses you.
You hit the hobgoblin.
You kill the hobgoblin!
Lugonu accepts your kill.
The ball python bites you but does no damage.
The ball python barely misses you.
You closely miss the ball python. The ball python bites you.
* * * LOW HITPOINT WARNING * * *
The ball python closely misses you. 😱 HP[-1]
You take 1 damage, and now have 1/18 hp.
You hit the ball python.
You kill the ball python!
Lugonu accepts your kill.
You closely miss the frilled lizard. You punch the frilled lizard.
The frilled lizard bites you but does no damage.
You barely miss the frilled lizard.
The frilled lizard bites you but does no damage.
You barely miss the frilled lizard.
The frilled lizard bites you but does no damage.
You hit the frilled lizard.
You kill the frilled lizard!
Lugonu accepts your kill. The jackal bites you.
You die...

Action                   || total
-------------------------++-------
Melee: Spear             ||    19
       Punch             ||     1
Armor: Leather armour    ||     9
Dodge: Dodged            ||    13

Levels and vault maps discovered:
D:1:      dpeg_arrival_lava_altar, layout_rooms

Notes
Turn   | Place    | Note
-------+----------+-------------------------------------------
     0 | Abyss:1  | spiderkeys the Mummy Abyssal Knight began the quest for the
                  | Orb.
     0 | Abyss:1  | Reached XP level 1. HP: 18/18 MP: 2/2
     0 | Abyss:1  | magus.rc [v1.11.3]
   110 | D:1      | You pass through the gate.
   110 | D:1      | Escaped the Abyss
   118 | D:1      | You pick up a book of Displacement and begin reading...
   118 | D:1      | You add the spells Lesser Beckoning, Gell's Gravitas and
                  | Teleport Other to your library.
   149 | D:1      | HP: 4/18 [jackal (2)]
   156 | D:1      | HP: 1/18 [ball python (1)]
   161 | D:1      | Slain by a jackal

Vanquished Creatures
  A hobgoblin (D:1)
  2 jackals (D:1)
  A ball python (D:1)
  A frilled lizard (D:1)
5 creatures vanquished.

Table legend:
 A = Non-vault XP
 B = Vault XP
 C = Vault XP percentage of total XP
 D = Non-vault monster count
 E = Vault monster count
 F = Vault count percentage of total count
                 A         B        C        D         E       F
            +---------+---------+-------+---------+---------+-------
      Total |       8 |       0 |   0.0 |       5 |       0 |   0.0
            +---------+---------+-------+---------+---------+-------
        D:1 |       8 |       0 |   0.0 |       5 |       0 |   0.0
            +---------+---------+-------+---------+---------+-------

Illustrated notes

Table legend:
 A = Kills in this place as a percentage of kills in entire the game.
 B = Kills by you in this place as a percentage of kills by you in the entire game.
 C = Kills by friends in this place as a percentage of kills by friends in the entire game.
 D = Other kills in this place as a percentage of other kills in the entire game.
 E = Experience gained in this place as a percentage of experience gained in the entire game.
 F = Experience gained in this place divided by the number of levels of this place that you have seen.
                   A       B       C       D       E      F
               +-------+-------+-------+-------+-------+----------------------
         Total | 100.0 | 100.0 |   N/A |   N/A | 100.0 |   4.0
       Dungeon | 100.0 | 100.0 |   N/A |   N/A | 100.0 |   8.0
               +-------+-------+-------+-------+-------+----------------------

Table legend: (Time is in decaauts)
 A = Elapsed time spent in this place.
 B = Non-inter-level travel time spent in this place.
 C = Inter-level travel time spent in this place.
 D = Time resting spent in this place.
 E = Time spent auto-exploring this place.
 F = Levels seen in this place.
 G = Mean time per level.
                   A        B        C        D        E       F      G
               +--------+--------+--------+--------+--------+-----+--------+
         Total |    161 |    161 |      0 |      0 |    121 |   2 |   80.5 |
       Dungeon |     51 |     51 |      0 |      0 |     20 |   1 |   51.0 |
         Abyss |    110 |    110 |      0 |      0 |    101 |   1 |  110.0 |
               +--------+--------+--------+--------+--------+-----+--------+

Top non-repeatable levels by time:
 Abyss:1: 110 daAuts
     D:1: 51 daAuts
